 Dungeon Crawl Stone Soup version 0.28.0-45-g0d030f2227 (webtiles) character file.

Game seed: 17862626185056853304

10599 pkoi the Tainter (level 11, -3/79 HPs)
             Began as a Demigod Gladiator on Apr 18, 2022.
             Slain by a troll (8 damage)
             ... on level 11 of the Dungeon.
             The game lasted 00:16:40 (16160 turns).

pkoi the Tainter (Demigod Gladiator)               Turns: 16160, Time: 00:16:41

Health: -3/79      AC:  5    Str: 15    XL:     11   Next: 16%
Magic:  0/24       EV: 13    Int: 22    God:
Gold:   1890       SH:  0    Dex: 15    Spells: 16/22 levels left

rFire   . . .      SeeInvis .   m - +8 storm bow {elec, penet}
rCold   . . .      Faith    .   (shield currently unavailable)
rNeg    + + .      Spirit   +   E - +0 robe
rPois   .          Reflect  .   b - +0 helmet
rElec   .          Harm     .   g - +0 cloak
rCorr   .          Rampage  .   u - +0 pair of gloves
Will    +....                   (no boots)
Stlth   +.........              I - amulet of guardian spirit
HPRegen 0.23/turn               d - ring of positive energy
MPRegen 0.19/turn               h - ring of positive energy

@: slowed, very slow
A: high MP 1, forlorn, divine attributes
a: no special abilities


You were on level 11 of the Dungeon.
You visited 1 branch of the dungeon, and saw 11 of its levels.

You collected 1890 gold pieces.

Inventory:

Hand Weapons
 f - a +0 dagger of protection
 m - the +8 storm bow (weapon) {elec, penet}
   (You acquired it on level 4 of the Dungeon)

   Any ammunition fired from it occasionally discharges a powerful burst of
   electricity upon striking a foe.
   Any ammunition fired by it passes through the targets it hits, potentially
   hitting all targets in its path until it reaches maximum range.
 o - a +0 dagger
Missiles
 c - 6 throwing nets
 n - 30 poisoned darts
 s - 184 arrows (quivered ammo)
Armour
 a - a +0 leather armour
 b - a +0 helmet (worn)
 g - a +0 cloak (worn)
 k - a +0 ring mail
 l - a +0 plate armour
 u - a +0 pair of gloves (worn)
 E - a +0 robe (worn)
Magical Staves
 q - a staff of fire
 t - a staff of air
Jewellery
 d - a ring of positive energy (left hand)
 h - a ring of positive energy (right hand)
 I - an amulet of guardian spirit (around neck)
Wands
 i - a wand of flame (17)
 r - a wand of digging (5)
 A - a wand of polymorph (3)
 F - a wand of charming (5)
Scrolls
 e - 2 scrolls of identify
 y - 3 scrolls of teleportation
 B - a scroll of fear
 J - 3 scrolls of summoning
Potions
 j - a potion of magic
 p - 2 potions of curing
 v - 3 potions of attraction
 w - 3 potions of flight
 x - a potion of invisibility
 z - a potion of heal wounds
 C - 2 potions of lignification
 D - 3 potions of cancellation {unknown}
 K - a potion of haste


   Skills:
 + Level 2.2 Fighting
 * Level 8.8 Bows
 - Level 1.7 Throwing
 + Level 3.0 Dodging
 - Level 6.0 Unarmed Combat
 - Level 6.0 Spellcasting
 - Level 6.1 Air Magic
 - Level 9.0 Poison Magic


You had 16 spell levels left.
You knew the following spells:

 Your Spells              Type           Power      Damage    Failure   Level
a - Poisonous Vapours     Pois/Air       78%        N/A       1%          2
b - Olgreb's Toxic Radia  Pois           46%        N/A       2%          4

Your spell library contained the following spells:

 Spells                   Type           Power      Damage    Failure   Level
 Sting                    Tmut/Pois      100%       1d8       1%          1


Dungeon Overview and Level Annotations

Branches:
Dungeon (10/15)            Temple (0/1) D:4            Lair (0/6) D:9
    Orc (0/2) D:9

Annotations:
D:7 3 runed translucent doors, oldmanjim's ghost, novice OgHu
D:10 2 runed translucent doors


Innate Abilities, Weirdness & Mutations

You have an increased reservoir of magic. (+10% MP)
You shall have no god before yourself.
Your divine heritage dramatically boosts your attributes as you level up.


Message History

The arrow barely misses the wraith.
The troll bites you!
* * * LOW HITPOINT WARNING * * *
The troll barely misses you. The troll claws you!
* * * LOW HITPOINT WARNING * * *
Fire: 187 arrows
Press: ? - help, Q - select action, (/) - cycle Shift-Dir - straight line, f/p - troll
Aim: a troll (severely wounded, 70% to hit)
You shoot an arrow. The arrow pierces through the wraith!!
The wraith is severely damaged.
The arrow pierces through the troll but does no damage.
The troll is severely wounded.
The wraith hits you!
* * * LOW HITPOINT WARNING * * *
The wraith drains your vigour!
You feel yourself slow down.
Fire: 186 arrows
Press: ? - help, Q - select action, (/) - cycle Shift-Dir - straight line, f/p - troll
Aim: a troll (severely wounded, 70% to hit)
You shoot an arrow.
The arrow pierces through the wraith but does no damage.
Lightning courses through the wraith!
You destroy the wraith!
The arrow pierces through the troll.
The troll is almost dead.
The troll bites you!
* * * LOW HITPOINT WARNING * * *
The troll claws you but does no damage. The troll closely misses you.
Fire: 185 arrows
Press: ? - help, Q - select action, (/) - cycle Shift-Dir - straight line, f/p - troll
Aim: a troll (severely wounded, 70% to hit)
You shoot an arrow. The arrow pierces through the troll!
The troll is almost dead.
The troll bites you!
* * * LOW HITPOINT WARNING * * *
The troll claws you but does no damage. The troll claws you!
* * * LOW HITPOINT WARNING * * *
The troll bites you!
* * * LOW HITPOINT WARNING * * *
The troll claws you!
You die...

#.#####...(...............
### ##........(.........
+..................
#..................
#...######.......... ###.#
#.......... #.#
#.#######+# #.# #T# +.#
#@# #.# #.# #.# #.# #.#
#.+ ..# ..#


You could see a troll.

Vanquished Creatures
  Gastronok (D:9)
  Pikel (D:9)
  A hornet (D:7)
  Sigmund (D:5)
  2 shadows (D:10)
  A wraith (D:11)
  A vampire (D:6)
  18 yaks
  2 wargs (D:9)
  A water moccasin (D:8)
  A swamp drake (D:9)
  4 ogres
  3 ice beasts
  3 orc warriors
  2 sky beasts (D:6)
  A black bear (D:4)
  5 centaurs
  A necrophage (D:6)
  2 kobold brigands
  A phantom (D:6)
  3 bullfrogs
  2 gnoll sergeants
  4 scorpions
  2 killer bees (D:9)
  4 wights (D:10)
  A howler monkey (D:9)
  2 bullfrog zombies
  7 centaur zombies
  A hound (D:6)
  A jelly (D:4)
  A bullfrog skeleton (D:5)
  11 orc priests
  6 iguanas
  12 orc wizards
  A killer bee zombie (D:7)
  A hound zombie (D:5)
  3 hound skeletons (D:4)
  Robin (D:2)
  A howler monkey skeleton (D:4)
  A howler monkey zombie (D:9)
  19 gnolls
  8 adders
  A white imp (D:5)
  An ufetubus (D:7)
  An adder skeleton (D:4)
  3 worms
  5 dart slugs
  44 orcs
  7 ball pythons
  7 endoplasms
  4 giant cockroaches
  30 hobgoblins
  4 jackals (D:2)
  17 kobolds
  5 quokkas
  5 bats
  5 frilled lizards
  43 goblins
  4 rats
330 creatures vanquished.

Vanquished Creatures (others)
  2 fungi (D:7)
  7 plants
9 creatures vanquished.

Grand Total: 339 creatures vanquished

Notes
Turn   | Place    | Note
-------+----------+-------------------------------------------
     0 | D:1      | pkoi the Demigod Gladiator began the quest for the Orb.
     0 | D:1      | Reached XP level 1. HP: 17/17 MP: 3/3
   167 | D:1      | Reached XP level 2. HP: 17/24 MP: 4/4
   956 | D:2      | Noticed Robin
   969 | D:2      | Reached XP level 3. HP: 29/29 MP: 5/5
   991 | D:2      | Killed Robin
  1006 | D:2      | HP: 1/29 [goblin/+0 club[Robin] (1)]
  1874 | D:2      | Reached XP level 4. HP: 27/36 MP: 6/6
  2770 | D:2      | Reached skill level 5 in Unarmed Combat
  3623 | D:3      | Learned a level 2 spell: Poisonous Vapours
  3780 | D:3      | Reached XP level 5. HP: 41/41 MP: 7/7
  4124 | D:4      | Reached skill level 1 in Spellcasting
  4124 | D:4      | Reached skill level 1 in Air Magic
  4124 | D:4      | Reached skill level 1 in Poison Magic
  4191 | D:4      | Noticed a black bear
  4191 | D:4      | Noticed an ogre
  4598 | D:4      | Reached XP level 6. HP: 24/48 MP: 10/10
  4966 | D:4      | Reached skill level 2 in Poison Magic
  6454 | D:4      | Identified a scroll of acquirement
  6454 | D:4      | Acquired the +8 storm bow {elec, penet}
  6454 | D:4      | Found the +8 storm bow {elec, penet}
  6702 | D:4      | Found a staircase to the Ecumenical Temple.
  6806 | D:5      | Entered Level 5 of the Dungeon
  6818 | D:5      | Reached XP level 7. HP: 51/53 MP: 13/13
  7071 | D:5      | Reached skill level 1 in Bows
  7448 | D:5      | Acquired 1257 gold pieces
  7571 | D:5      | Reached skill level 3 in Poison Magic
  8608 | D:5      | Reached XP level 8. HP: 51/60 MP: 15/15
  8986 | D:5      | Noticed Sigmund
  8997 | D:5      | Killed Sigmund
  8998 | D:5      | Reached skill level 4 in Poison Magic
  9831 | D:6      | Reached skill level 5 in Air Magic
  9837 | D:6      | Reached skill level 5 in Poison Magic
 10630 | D:6      | Reached XP level 9. HP: 64/67 MP: 16/16
 11138 | D:7      | Identified the +4 mace "Nuloq" {venom, rF- rN++}
 11156 | D:7      | Found a runed translucent gate.
 11156 | D:7      | Found a runed translucent gate.
 11156 | D:7      | Noticed oldmanjim's ghost (novice OgHu)
 11157 | D:7      | Found a runed translucent gate.
 11161 | D:7      | Noticed a kobold demonologist
 11226 | D:7      | Reached skill level 5 in Bows
 11644 | D:7      | Reached skill level 6 in Poison Magic
 12190 | D:7      | Learned a level 4 spell: Olgreb's Toxic Radiance
 12226 | D:8      | Identified the +9 fustibalus of the Lair of Beasts {flame,
                  | rElec rF+ rN+ Dex-4}
 13071 | D:8      | Identified the +1 scale mail "Neof" {rC+}
 13884 | D:9      | Reached skill level 7 in Poison Magic
 13886 | D:9      | Reached XP level 10. HP: 61/73 MP: 12/20
 14156 | D:9      | Found a staircase to the Orcish Mines.
 14464 | D:9      | Found a staircase to the Lair.
 14473 | D:9      | Reached skill level 5 in Spellcasting
 14967 | D:9      | Noticed Pikel
 14973 | D:9      | Killed Pikel
 14974 | D:9      | Reached skill level 8 in Poison Magic
 15039 | D:9      | Noticed Gastronok
 15061 | D:9      | Killed Gastronok
 15304 | D:10     | Entered Level 10 of the Dungeon
 15572 | D:10     | Reached XP level 11. HP: 77/79 MP: 22/24
 15643 | D:10     | Reached skill level 9 in Poison Magic
 16029 | D:10     | Noticed a fire dragon
 16031 | D:10     | Noticed an ice dragon
 16033 | D:10     | Found a runed translucent door.
 16033 | D:10     | Found a runed translucent door.
 16033 | D:10     | Noticed a fire dragon
 16033 | D:10     | Noticed an ice dragon
 16033 | D:10     | Found the +2 shield of Resistance {rF++ rC++ Will++}
 16034 | D:10     | You fall into a shaft and drop 1 floor!
 16160 | D:11     | Slain by a troll

Illustrated notes

Levels and vault maps discovered:
D:1:      nicolae_arrival_somewhat_less_tricky_arrival, layout_rooms,
          grunt_decor_arrowhead, minmay_circled_x
D:2:      layout_loops_ring, basic_ecumenical_altar, uniq_robin
D:3:      layout_loops_cross, mainiacjoe_overflow_boulevard,
          kennysheep_slug_shrine, grunt_ministairs_9,
          chequers_serial_rivers_micro_c
D:4:      layout_cave_pods, nicolae_overflow_crystal_walls, minitemple,
          temple_hall_moat
D:5:      minmay_goblin_kobold_castle, layout_basic,
          mainiacjoe_overflow_24_doors, sigmund_army
D:6:      layout_layer_cave
D:7:      layout_basic, gammafunk_ghost_nasty_kobolds, minmay_misc_feat_chi
D:8:      layout_cave_pools, david_defended_altar_orc
D:9:      layout_roguey, mainiacjoe_overflow_brackets,
          lemuel_coloured_pillars_altar, erik_lair_orcish_takeover, erik_orc_1,
          uniq_gastronok, uniq_pikel
D:10:     layout_rooms, minmay_guarded_unrand_resistance
D:11:     layout_irregular_city, serial_shops, bzr_entry_safe,
          worldfamousw_hep_ancestral_shrine, uniq_fannar, uniq_josephine

Skill      XL: |  1  2  3  4  5  6  7  8  9 10 11 |
---------------+----------------------------------+-----
Unarmed Combat | 3 4 5 6 |  6.0
Spellcasting   | 1 2 3 4 6 |  6.0
Air Magic      | 1 2 3 5 6 |  6.1
Poison Magic   | 1 2 3 5 7 8 9 |  9.0
Bows           | 2 4 6 8 |  8.8
Fighting       | 2 |  2.2
Dodging        | 3 |  3.0
Throwing       | |  1.7

Action                   |  1- 3 |  4- 6 |  7- 9 | 10-12 || total
-------------------------+-------+-------+-------+-------++-------
Melee: Unarmed           |   164 |   258 |   123 |       ||   545
       Punch             |     5 |    13 |     3 |       ||    21
 Fire: Longbow           |       |       |   277 |   172 ||   449
 Cast: Olgreb's Toxic Ra |       |       |     2 |     3 ||     5
       Poisonous Vapours |       |       |       |     5 ||     5
  Use: Potion            |     2 |       |     3 |       ||     5
       Scroll            |       |     4 |     8 |     5 ||    17
 Stab: Distracted        |     1 |       |       |       ||     1
Armor: Leather armour    |    36 |       |       |       ||    36
       Ring mail         |    39 |     5 |       |       ||    44
       Plate armour      |       |   161 |   172 |       ||   333
       Robe              |       |       |    17 |    18 ||    35
Dodge: Dodged            |    92 |    57 |    89 |    44 ||   282
